 Dungeon Crawl Stone Soup version 0.26.0-10-g1f06aea511 (webtiles) character file.

Game seed: 3412580995648114898

100 inc the Ducker (level 4, -3/20 (21) HPs)
             Began as a Felid Chaos Knight on Jan 31, 2021.
             Was a Plaything of Xom.
             Killed from afar by an orc wizard (9 damage)
             ... with a magic dart
             ... on level 4 of the Dungeon.
             The game lasted 00:05:01 (4073 turns).

inc the Ducker (Felid Chaos Knight)                 Turns: 4073, Time: 00:05:03

HP:   -3/20 (21)    AC:  1    Str:  8    XL:     4   Next: 47%
MP:   5/5           EV: 21    Int: 14    God:    Xom [...*..]
Gold: 152           SH:  0    Dex: 16    Spells: 3/3 levels left
                                        Lives: 0   Deaths: 1

rFire    . . .     SeeInvis +     - Unarmed
rCold    . . .     Faith    .   (shield unavailable)
rNeg     . . .     Spirit   .   (armour unavailable)
rPois    .         Reflect  .   (helmet unavailable)
rElec    .         Harm     .   (cloak unavailable)
rCorr    .         Rampage  .   (gloves unavailable)
Will     .....                  (boots unavailable)
Stlth    ++........             (no amulet)
HPRegen  0.06/turn              (no ring)
MPRegen  0.09/turn              (no ring)

@: lightly drained, quick
A: very small, no armour, no weapons or thrown items, stealth, claws 1, fangs 3,
see invisible, speed 1, shaggy fur 1, sharp paws
a: Renounce Religion


You were on level 4 of the Dungeon.
You worshipped Xom.
You were a favourite toy of Xom.
You visited 1 branch of the dungeon, and saw 4 of its levels.

You collected 152 gold pieces.

Inventory:

Jewellery
 a - an uncursed ring of fire
 r - a -4 ring of evasion
Wands
 s - a wand of paralysis (3)
Scrolls
 b - 3 scrolls of teleportation
 g - 2 scrolls of remove curse
 o - a scroll of noise {unknown}
 p - a scroll of enchant armour {unknown}
Potions
 c - 3 potions of berserk rage {unknown}
 d - 2 potions of brilliance {unknown}
 e - 2 potions of curing
 f - a potion of flight {unknown}
 h - a potion of attraction
 i - 3 potions of heal wounds
 j - a potion of mutation
 k - a potion of cancellation {unknown}
 l - 2 potions of ambrosia
 m - 2 potions of haste
 n - a potion of might {unknown}
 q - 2 potions of degeneration {unknown}


   Skills:
 - Level 3.0 Fighting
 + Level 5.9 Dodging
 + Level 4.8 Unarmed Combat


You had 3 spell levels left.
You didn't know any spells.
Your spell library was empty.

Dungeon Overview and Level Annotations

Branches:
Dungeon (4/15)
 Temple: D:4-7

Altars:
Cheibriados
Fedhas
Hepliaklqana
Xom

Annotations:
D:3 Ijyb


Innate Abilities, Weirdness & Mutations

You cannot wear armour.
You are incapable of wielding weapons or throwing items.
Your paws allow you to move quietly. (Stealth)
You have sharp claws.
You have razor-sharp teeth.
You have supernaturally acute eyesight. (SInv)
You cover ground quickly.
You are covered in fur. (AC +1)
Your sharp claws are effective at attacking unaware monsters.


Message History

The magic dart hits you!
The orc wizard casts a spell.
The orc wizard blinks!
Found 13 gold pieces.
You open the door.
Found a shimmering altar of Xom.
There is an open door here.
Found a hazy altar of Hepliaklqana.
You open the door.
There is an open door here.
You hear the slow rusting of a very distant drain.
The orc shouts! x2
There is an open door here.
The orc wizard points at you and mumbles some strange words.
The magic dart hits you!
* * * LOW HITPOINT WARNING * * *
The orc wizard gestures at you while chanting.
The magic dart hits you!
You die...
Xom giggles madly!

+.o.......+.......#
#.o.oo....####...######
#....... #........#
#..... #.#.####o#
#...## #.#.# #.# +..#
#.#.## #.# #..# #.#..#
#.# #'### #.##.# #.#
#.@.### #.##.# #.#
###.._# #.##.###.#
###...###........#
#Z#_.o.##....#####
#Z#####.#..####
##ยง#Z##.'..#
##.######## ##


You could see 2 orc wizards, an orc and a sphinx zombie.

Vanquished Creatures
  A hound (D:3)
  4 adders
  An ufetubus (D:2)
  An ooze (D:1)
  3 worms
  7 dart slugs
  6 leopard geckos
  3 orcs (D:4)
  4 giant cockroaches
  11 hobgoblins
  6 jackals
  A quokka (D:4)
  2 ball pythons (D:1)
  8 bats
  2 frilled lizards
  5 goblins
  8 kobolds
  9 rats
82 creatures vanquished.

Vanquished Creatures (others)
  A bat (D:3)
1 creature vanquished.

Grand Total: 83 creatures vanquished

Notes
Turn   | Place    | Note
-------+----------+-------------------------------------------
     0 | D:1      | inc the Felid Chaos Knight began the quest for the Orb.
     0 | D:1      | Reached XP level 1. HP: 10/10 MP: 2/2
    34 | D:1      | XOM: divination: detect creatures
   132 | D:1      | Reached XP level 2. HP: 14/14 MP: 3/3
   237 | D:1      | XOM: divination: magic mapping
   334 | D:1      | Reached skill level 4 in Dodging
   488 | D:1      | Reached XP level 3. HP: 10/17 MP: 4/4
   604 | D:1      | XOM: cloud trail
   947 | D:1      | XOM: noise
  1377 | D:1      | You fall into a shaft and drop 1 floor!
  1440 | D:2      | XOM: divination: magic mapping
  1785 | D:2      | Found a blossoming altar of Fedhas.
  1799 | D:2      | Reached XP level 4. HP: 19/21 MP: 5/5
  1941 | D:2      | Reached skill level 5 in Dodging
  2206 | D:2      | XOM is BORED!
  2537 | D:3      | XOM: divination: detect creatures
  2553 | D:3      | Reached XP level 5. HP: 22/24 MP: 6/6
  2580 | D:3      | Found a snail-covered altar of Cheibriados.
  2722 | D:2      | XOM: god gift: 11 arrows
  3423 | D:3      | Noticed Ijyb
  3426 | D:3      | Splashed by Ijyb's acid
  3427 | D:3      | Reached XP level 4. HP: -8/21 MP: 5/5
  4027 | D:4      | XOM: potion effect (curing)
  4060 | D:4      | Found a shimmering altar of Xom.
  4061 | D:4      | Found a hazy altar of Hepliaklqana.
  4061 | D:4      | Noticed a sphinx zombie
  4062 | D:4      | Noticed a spectral ugly thing
  4062 | D:4      | Noticed a sphinx zombie
  4073 | D:4      | Killed from afar by an orc wizard

Illustrated notes

Levels and vault maps discovered:
D:1:      onia_arrival_handbag, layout_loops_ring
D:2:      layout_rooms, nicolae_overflow_crystal_walls
D:3:      layout_basic, overflow_temple_1_default, uniq_ijyb
D:4:      layout_loops_corners, regret_index_temple_of_mockery, minitemple,
          minmay_temple_entry_grid, portal_sewer_entry_a, chei_slow_surprise

Skill      XL: |  1  2  3  4 |
---------------+-------------+-----
Dodging        | 4 5 |  5.9
Unarmed Combat | 4 |  4.8
Fighting       | |  3.0

Action                   |  1- 3 |  4- 6 || total
-------------------------+-------+-------++-------
Melee: Unarmed           |   129 |   114 ||   243
       Bite              |    13 |     6 ||    19
  Use: Scroll            |       |     8 ||     8
 Stab: Sleeping          |     3 |     6 ||     9
Armor: Skin              |     8 |     4 ||    12
Dodge: Dodged            |    99 |    70 ||   169
